 Dungeon Crawl Stone Soup version 0.19-a0-821-gf489216 (webtiles) character file.

14184 sudo the Cleaver (level 12, 0/92 HPs)
             Began as a Human Fighter on June 29, 2016.
             Was a High Priest of Okawaru.
             Slain by an orc knight
             ... wielding a +0 bardiche
              (12 damage)
             ... on level 1 of the Orcish Mines.
             The game lasted 00:17:45 (11372 turns).

sudo the Cleaver (Human Fighter)                   Turns: 11372, Time: 00:17:45

Health: 0/92       AC: 19    Str: 19    XL:     12   Next: 42%
Magic:  11/12      EV: 10    Int:  9    God:    Okawaru [*****.]
Gold:   742        SH: 13    Dex: 15    Spells: 0 memorised, 11 levels left

rFire  + + .     SeeInvis .     p - +3 hand axe (elec)
rCold  . . .     Gourm    .     V - +3 chain mail {rF+}
rNeg   . . .     Faith    .     c - +1 shield
rPois  .         Spirit   .     j - +0 helmet
rElec  .         Dismiss  .     B - +0 cloak
rCorr  .         Reflect  .     d - +1 pair of gloves
SustAt .         Harm     .     (no boots)
MR     .....                    (no amulet)
Stlth  ..........               U - ring of wizardry
                                b - ring of protection from fire

@: not resistant to hostile enchantments, extremely unstealthy
A: regeneration 1, wild magic 1
a: Heroism, Finesse, Renounce Religion


You were on level 1 of the Orcish Mines.
You worshipped Okawaru.
Okawaru was extremely pleased with you.
You were not hungry.

You visited 3 branches of the dungeon, and saw 14 of its levels.
You also visited: Ossuary.

You collected 870 gold pieces.
You spent 128 gold pieces at shops.

Inventory:

Hand Weapons
 h - a +0 broad axe
 n - a +3 battleaxe
 p - a +3 hand axe of electrocution (weapon)
 N - a +0 battleaxe of electrocution
 Q - the +4 long sword "Jaolloi" {freeze, Dex+2, unknown}
   (You found it on level 9 of the Dungeon)

   It has been specially enchanted to freeze those struck by it, causing extra
   injury to most foes and up to half again as much damage against particularly
   susceptible opponents.
   It can also slow down cold-blooded creatures.
   It affects your dexterity (+2).
Armour
 c - a +1 shield (worn)
 d - a +1 pair of gloves (worn)
 j - a +0 helmet (worn)
 B - a +0 cloak (worn)
 V - a +3 chain mail of fire resistance (worn)
Jewellery
 b - a ring of protection from fire (left hand)
 U - a ring of wizardry (right hand)
Wands
 e - a wand of enslavement (22/24)
 i - a wand of confusion (12/48)
 m - a wand of disintegration (14/24)
 o - a wand of lightning (7/15)
 r - a wand of teleportation (3/9)
 v - a wand of confusion (14/48)
 y - a wand of slowing (23/48)
 z - a wand of enslavement (10/24)
 H - a wand of flame (19/48)
 I - a wand of paralysis (11/24)
 J - a wand of paralysis (15/24)
 O - a wand of acid (7/15)
 R - a wand of random effects (32/48)
 T - a wand of random effects (21/48)
Scrolls
 k - a scroll of blinking
 x - a scroll of teleportation
 A - 7 scrolls of remove curse
 E - 3 scrolls of fog
 F - 2 scrolls of recharging
Potions
 a - a potion of mutation
 g - 6 potions of flight
 s - a potion of magic
 t - a potion of cure mutation {unknown}
 u - 3 potions of lignification
 w - a potion of invisibility {unknown}
 C - a potion of agility {unknown}
 D - a potion of resistance {unknown}
 K - 6 potions of curing
 L - 6 potions of brilliance
 M - 2 potions of berserk rage {unknown}
 P - 2 potions of ambrosia {unknown}
Miscellaneous
 S - a phial of floods
Comestibles
 f - 6 bread rations
 l - 15 fruits


   Skills:
 + Level 7.7 Fighting
 - Level 2.4 Long Blades
 * Level 11.2 Axes
 + Level 8.4 Armour
 + Level 7.5 Dodging
 + Level 9.5 Shields
 * Level 0.2 Invocations
 - Level 0.2 Evocations


You had 11 spell levels left.
You didn't know any spells.

Dungeon Overview and Level Annotations

Branches:
Dungeon (12/15)            Temple (1/1) D:7            Lair (0/6) D:10
    Orc (1/2) D:9

Altars:
Ashenzari
Cheibriados
Dithmenos
Elyvilon
Fedhas
Gozag
Hepliaklqana
Kikubaaqudgha
Makhleb
Nemelex Xobeh
Okawaru
Pakellas
Qazlal
Ru
Sif Muna
Trog
Uskayaw
Vehumet
Xom
Yredelemnul
Zin
The Shining One

Shops:
D:4 (

Annotations:
D:11 Harold


Innate Abilities, Weirdness & Mutations

Your natural rate of healing is unusually fast.
Your spells are a little harder to cast, but a little more powerful.


Message History

The orc knight is lightly wounded.
You hit the orc warrior but do no damage.
The orc warrior is lightly wounded.
You block the orc warrior's attack. You block the orc knight's attack.
Unknown command.
You hit the orc knight.
There is a sudden explosion of sparks!
The orc knight is heavily wounded.
You completely miss the orc warrior.
The orc warrior is lightly wounded.
The orc warrior hits you with a trident!!
Unknown command.
You closely miss the orc knight.
The orc knight is heavily wounded.
You hit the orc warrior.
The orc warrior is lightly wounded.
The orc warrior hits you from afar with a trident!!
* * * LOW HITPOINT WARNING * * *
The orc warrior hits you but does no damage.
The orc knight hits you with a bardiche!
You die...

## #... .##.
#..## # $....
....###.#
..#..##......
.........
##.#)))# #...[(#
#.. ##.#)<#.....
#.)@)......#
#...oo.#......
.....o.........#
................
......#.........
.#..........#...
................
.......>...##.


You could see an orc knight and 2 orc warriors.

Vanquished Creatures
  Erolcha (D:11)
  Josephine (D:10)
  Erica (D:10)
  Urug (D:10)
  An unseen horror (D:10)
  3 hill giants
  A centaur zombie (D:8)
  A gargoyle (D:11)
  A kobold demonologist (D:12)
  2 komodo dragons
  A troll (D:9)
  3 two-headed ogres
  A spriggan (D:7)
  3 wraiths (D:10)
  A wyvern (D:10)
  2 vampire mosquitoes (D:12)
  4 sky beasts
  5 orc warriors
  4 black bears
  3 ice beasts
  7 ogres
  3 phantoms
  3 centaurs
  3 big kobolds
  Blork the orc (D:6)
  8 giant frogs
  A gnoll sergeant (D:12)
  2 scorpions
  5 killer bees (D:8)
  7 wights
  4 howler monkeys
  5 crimson imps
  2 wasp zombies
  2 quasits
  A jelly (D:10)
  A gnoll shaman (D:9)
  6 hounds
  Crazy Yiuf (D:5)
  A giant frog zombie (D:10)
  7 orc priests
  3 centaur skeletons
  A giant frog skeleton (D:12)
  14 orc wizards
  4 iguanas
  Ijyb (D:2)
  Terence (D:2)
  Natasha (thrice) (D:2)
  9 worker ants
  A big kobold zombie (Ossuary)
  A hound zombie (D:9)
  A hound skeleton (D:10)
  8 mummies (Ossuary)
  Robin (D:4)
  11 gnolls
  7 adders
  3 shadow imps
  2 oozes
  2 adder zombies
  2 worms
  3 dart slugs
  5 giant geckos
  24 orcs
  6 giant cockroaches
  9 goblins
  12 hobgoblins
  7 jackals
  6 quokkas
  5 bats
  A giant gecko skeleton (D:4)
  9 giant newts
  3 hobgoblin zombies (Ossuary)
  A jackal zombie (D:6)
  15 kobolds
  A kobold zombie (Ossuary)
  3 orc zombies (Ossuary)
  5 rats
300 creatures vanquished.

Vanquished Creatures (others)
  19 plants (D:10)
19 creatures vanquished.

Grand Total: 319 creatures vanquished

Notes
Turn   | Place    | Note
--------------------------------------------------------------
     0 | D:1      | sudo the Human Fighter began the quest for the Orb.
     0 | D:1      | Reached XP level 1. HP: 18/18 MP: 1/1
   184 | D:1      | Reached XP level 2. HP: 24/24 MP: 2/2
   475 | D:2      | Noticed Terence
   485 | D:2      | Killed Terence
   485 | D:2      | Reached XP level 3. HP: 27/29 MP: 3/3
   512 | D:2      | Reached XP level 4. HP: 35/35 MP: 4/4
   882 | D:2      | Noticed Ijyb
   897 | D:2      | Killed Ijyb
   897 | D:2      | Reached skill level 1 in Axes
   897 | D:2      | Reached XP level 5. HP: 37/42 MP: 5/5
   974 | D:2      | Noticed Natasha
   982 | D:2      | Killed Natasha
   982 | D:2      | Reached skill level 1 in Dodging
   985 | D:2      | Found a faded altar of an unknown god.
  1028 | D:2      | Noticed Natasha
  1034 | D:2      | Killed Natasha
  1186 | D:2      | Reached XP level 6. HP: 45/48 MP: 6/6
  1390 | D:2      | Noticed Natasha
  1401 | D:2      | Killed Natasha
  1401 | D:2      | Reached skill level 2 in Axes
  1669 | D:3      | Reached XP level 7. HP: 20/54 MP: 7/7
  1878 | D:3      | You fall through a shaft for 2 floors!
  1878 | D:5      | Entered Level 5 of the Dungeon
  1886 | D:5      | Reached skill level 3 in Axes
  2142 | D:4      | Found Odeaniu's Antique Weapon Emporium.
  2277 | D:4      | Bought a broad axe for 128 gold pieces
  2405 | D:3      | Found a stormy altar of Qazlal.
  2407 | D:3      | Found a hazy altar of Hepliaklqana.
  2608 | D:3      | Reached XP level 8. HP: 45/61 MP: 8/8
  2705 | D:3      | Reached skill level 5 in Armour
  3012 | D:4      | Noticed Robin
  3028 | D:4      | Killed Robin
  3169 | D:4      | Reached skill level 4 in Axes
  3445 | D:4      | Found a burning altar of Makhleb.
  3709 | D:5      | Found a bloodstained altar of Trog.
  3726 | D:5      | Found an ancient bone altar of Kikubaaqudgha.
  3745 | D:5      | Reached skill level 5 in Fighting
  3745 | D:5      | Reached skill level 5 in Shields
  3763 | D:5      | Gained mutation: Your mind is acute. (Int +2) [potion of mutation]
  3763 | D:5      | Gained mutation: Your natural rate of healing is unusually fast. [potion of mutation]
  3763 | D:5      | Gained mutation: You are frail. (-10% HP) [potion of mutation]
  3764 | D:5      | Lost mutation: You are frail. (-10% HP) [potion of mutation]
  3764 | D:5      | Gained mutation: Your spells are a little harder to cast, but a little more powerful. [potion of mutation]
  3764 | D:5      | Lost mutation: Your mind is acute. (Int +2) [potion of mutation]
  3988 | D:5      | Reached skill level 5 in Axes
  4017 | D:5      | Found a shadowy altar of Dithmenos.
  4066 | D:5      | Found a runed door.
  4514 | D:5      | Noticed Crazy Yiuf
  4517 | D:5      | Killed Crazy Yiuf
  4517 | D:5      | Reached XP level 9. HP: 68/68 MP: 9/9
  5070 | D:6      | Reached skill level 6 in Axes
  5072 | D:6      | Noticed Blork the orc
  5092 | D:6      | Killed Blork the orc
  5572 | D:7      | Found a shimmering altar of Xom.
  5573 | D:7      | Found a shimmering altar of Xom.
  5573 | D:7      | Found a shimmering altar of Xom.
  5590 | D:7      | Found a shimmering altar of Xom.
  5672 | D:7      | Found a sand-covered staircase.
  5688 | Ossuary  | Entered an ossuary
  6094 | D:7      | Found a shimmering altar of Xom.
  6467 | D:7      | Found a white marble altar of Elyvilon.
  6541 | D:7      | Reached XP level 10. HP: 76/76 MP: 10/10
  6606 | D:7      | Reached skill level 7 in Axes
  6697 | D:7      | Found a staircase to the Ecumenical Temple.
  6710 | Temple   | Entered the Ecumenical Temple
  6781 | Temple   | Became a worshipper of Warmaster Okawaru
  7159 | D:8      | Reached * piety under Okawaru
  7447 | D:8      | Reached skill level 5 in Dodging
  7459 | D:8      | Reached skill level 8 in Axes
  7526 | D:8      | Found a hide-covered altar of Uskayaw.
  8009 | D:8      | Reached ** piety under Okawaru
  8081 | D:9      | Found a staircase to the Orcish Mines.
  8108 | D:9      | Got an iridescent long sword
  8324 | D:9      | Reached XP level 11. HP: 79/83 MP: 11/11
  8621 | D:9      | You fall through a shaft for 3 floors!
  8640 | D:12     | Reached skill level 9 in Axes
  8674 | D:12     | Noticed a hill giant
  8681 | D:12     | Killed a hill giant
  8681 | D:12     | Reached *** piety under Okawaru
  8876 | D:11     | Reached **** piety under Okawaru
  9078 | D:11     | Noticed Erolcha
  9087 | D:11     | Paralysed by Erolcha for 3 turns
  9091 | D:11     | Killed Erolcha
  9091 | D:11     | Reached skill level 10 in Axes
  9660 | D:11     | Noticed Harold
  9664 | D:11     | Noticed a cyclops
  9764 | D:10     | Entered Level 10 of the Dungeon
  9933 | D:10     | Noticed a hill giant
  9937 | D:10     | Noticed Josephine
  9944 | D:10     | Killed a hill giant
  9956 | D:10     | Reached ***** piety under Okawaru
  9963 | D:10     | Killed an unseen horror
  9963 | D:10     | HP: 2/84 [Josephine/vampiric draining (22)]
  9964 | D:10     | Killed Josephine
  9964 | D:10     | Reached XP level 12. HP: 2/91 MP: 12/12
 10353 | D:10     | Noticed Erica
 10371 | D:10     | Killed Erica
 10674 | D:10     | Noticed Urug
 10686 | D:10     | Killed Urug
 10689 | D:10     | Reached skill level 11 in Axes
 10691 | D:10     | Found a staircase to the Lair.
 11296 | D:9      | Found a deep blue altar of Sif Muna.
 11349 | Orc:1    | Entered Level 1 of the Orcish Mines
 11372 | Orc:1    | Slain by an orc knight

Vault maps used:
D:1:      lordsloth_arrival_two_stooges
D:2:      ecumenical_altar_1, uniq_terence, uniq_iyjb, uniq_natasha
D:3:      grunt_temple_overflow_open, first_bread, kennysheep_boxes
D:4:      makhleb_blood_cavern_becter, serial_shops, shop, uniq_robin
D:5:      kiku_gazebo_pond_becter, bloody_trog, nicolae_dithmenos_the_darkroom,
          uniq_crazy_yiuf_cottage
D:6:      uniq_blork_the_orc
D:7:      lemuel_coloured_pillars_altar, nicolae_ossuary_entry_monument,
          the_bakery, xom_redecorated
D:8:      eat_drink_and_be_merry_uskayaw
D:9:      lemuel_blue_sif_altar
D:10:     david_lair_shrubbed, uniq_josephine, uniq_erica, uniq_urug
D:11:     uniq_harold, uniq_erolcha
D:12:     yredelemnul_altar_generic
Temple:   cyrus_circular_temple
Orc:1:    lightli_orcish_oven
Ossuary:  ossuary_tomb_3

Skill      XL: |  1  2  3  4  5  6  7  8  9 10 11 12 |
---------------+-------------------------------------+-----
Axes           | 1 2 3 5 6 8 10 11 | 11.2
Dodging        | 1 2 3 4 5 6 7 |  7.5
Armour         | 4 5 6 7 8 |  8.4
Fighting       | 4 5 6 7 |  7.7
Shields        | 4 5 6 8 9 |  9.5
Long Blades    | |  2.4
Invocations    | |  0.2
Evocations     | |  0.2

Action                   |  1- 3 |  4- 6 |  7- 9 | 10-12 || total
-------------------------+-------+-------+-------+-------++-------
Melee: Long sword        |    35 |       |       |       ||    35
       Hand axe          |     1 |   118 |   346 |   545 ||  1010
Invok: Heroism           |       |       |       |     1 ||     1
Evoke: Wand              |       |       |     2 |     4 ||     6
       Phantom mirror    |       |       |       |     1 ||     1
  Use: Potion            |       |     2 |     5 |     4 ||    11
       Scroll            |       |       |    14 |     5 ||    19
 Stab: Paralysed         |       |       |       |     3 ||     3
  Eat: Chunk             |       |     1 |     6 |     4 ||    11
       Beef jerky        |       |     1 |     3 |     2 ||     6
       Bread ration      |       |       |     1 |     1 ||     2
       Fruit             |       |       |     1 |       ||     1
       Meat ration       |       |       |       |     1 ||     1
       Pizza             |       |       |       |     1 ||     1
Armor: Scale mail        |    16 |    53 |    25 |   145 ||   239
       Chain mail        |       |       |   118 |     6 ||   124
       Plate armour      |       |       |     7 |       ||     7
Dodge: Dodged            |    10 |    28 |    67 |   178 ||   283
Block: Shield            |     8 |    50 |   140 |   286 ||   484
       Buckler           |       |       |     1 |       ||     1
